[Event "44th Chess Olympiad Open 2022"]
[Site "Chennai"]
[Date "2022.07.30"]
[Round "2.66"]
[White "Njau, Albert"]
[Black "Rongwane, Gomolemo"]
[Result "0-1"]
[WhiteElo "1842"]
[BlackElo "2033"]
[Annotator "NA RC"]
[PlyCount "52"]
[EventDate "2022.??.??"]
[TimeControl "60"]

1. d4 Nf6 2. Nf3 e6 3. g3 b6 4. Bg2 Bb7 5. c4 Be7 6. O-O O-O 7. Nc3 Ne4 8. Qc2 Nxc3 9. Qxc3 f5 10. Rd1 Bf6 11. b3 c5 12. e3 Qe8 13.
Bb2 Qh5 14. Ne1 Bxg2 15. Kxg2 Nc6 16. Qd2 f4 17. exf4 Nxd4 18. Rab1 d6 19. Qd3 Rae8 20. b4 e5 21. fxe5 Bxe5 22. Rd2 g5 23. h3 g4 24. hxg4 Qxg4 25. Bxd4 Bxd4 26. Nf3 Re3 0-1

[Event "44th Chess Olympiad Open 2022"]
[Site "Chennai"]
[Date "2022.07.30"]
[Round "2.66"]
[White "Mdoe, Yusuf"]
[Black "Monnaatsheko, Keletshabile"]
[Result "0-1"]
[WhiteElo "1722"]
[BlackElo "2014"]
[Annotator "NA"]
[PlyCount "72"]
[EventDate "2022.??.??"]
[TimeControl "60"]

1. e4 e6 2. Nf3 d5 3. exd5 exd5 4. d4 Nc6 5. Bb5 Bd6 6. Bg5 f6 7. Bh4 Nge7 8. Nc3 Bg4 9. h3 Bh5 10. Bg3 Bxg3 11. fxg3 Qd6 12. Bxc6+ bxc6 13. Ne2 Qb4+ 14. Qd2 Qxb2 15. Kf2 Bg6 16. Rhc1 O-O 17. a4 Qb8 18. Nf4 Bf7 19. Rab1 Qc8 20. g4 Qa6 21. Nd3 Rfb8 22. Nc5 Qc8 23. a5 Rb5 24. a6 Rab8 25. Nb7 Rb6 26. Qa5 Qf8 27. Rxb6 axb6 28. Qc3 Ra8 29. Ra1 Qc8 30. Ne1 h5 31. gxh5 Bxh5 32. g4 Bg6 33. Nd3 Bxd3 34. Qxd3 Qd7 35. Re1 Kf7 36. Re3 Ng6 0-1

[Event "44th Chess Olympiad Open 2022"]
[Site "Chennai"]
[Date "2022.07.30"]
[Round "2.67"]
[White "Gavarrete, Joel"]
[Black "Dabuae, Thubalkain"]
[Result "1-0"]
[WhiteElo "2035"]
[BlackElo "1941"]
[Annotator "NA RC"]
[PlyCount "59"]
[EventDate "2022.??.??"]
[TimeControl "60"]

1. e4 Nc6 2. d4 e5 3. Nf3 exd4 4. Nxd4 Nxd4 5. Qxd4 d6 6. Nc3 Nf6 7. Bf4 Be7 8. Be2 O-O 9. O-O-O c5 10. Qd2 Ne8 11. Nd5 Be6 12. Nxe7+ Qxe7 13. Bxd6 Nxd6 14. Qxd6 Qg5+ 15. Qd2 Qxg2 16.
Qe3 b6 17. h4 Qg6 18. Rdg1 Qf6 19. f4 Rfe8 20. e5 Qe7 21. Bb5 Bd7 22. Qg3 g6 23. Bd3 b5 24. h5 g5 25. Qxg5+ Qxg5 26. Rxg5+ Kh8 27. Rhg1 Rg8 28. h6 c4 29. Be4 Raf8 30. Rg7 1-0

[Event "44th Chess Olympiad Open 2022"]
[Site "Chennai"]
[Date "2022.07.30"]
[Round "2.67"]
[White "Chahin Godoy, Angel Eduardo"]
[Black "Dabuae, David"]
[Result "1/2-1/2"]
[WhiteElo "1844"]
[BlackElo "1707"]
[Annotator "NA RC"]
[PlyCount "80"]
[EventDate "2022.??.??"]
[TimeControl "60"]

1. e4 e5 2. Nf3 Nc6 3. Bb5 Nf6 4. O-O Be7 5. Re1 d6 6. h3 O-O 7. d4 Nxd4 8. Nxd4 exd4 9. Qxd4 c6 10. Bf1 Nd7 11. Nc3 Ne5 12. f4 Nd7 13. Kh1 d5 14. exd5 Bc5 15. Qd1 Qh4 16. Ne4 Bb6 17. g3 Qd8 18. dxc6 bxc6 19. Be3 c5 20. Nd6 Rb8 21. Nxc8 Qxc8 22. Qf3 Ba5 23. Reb1 Nf6 24. a3 Bb6 25. Rd1 Re8 26. f5 c4 27. Bxb6 Rxb6 28.
Rd4 Rxb2 29. Rxc4 Qb8 30. Rd1 Rb1 31. Rcd4 Rxd1 32. Rxd1 Ne4 33. Kg2 Qc7 34. Bd3 Ng5 35. Re1 Qd8 36. Rxe8+ Qxe8 37. Qf4 Qa8+ 38. Kh2 Qe8 39. Qf3 Qa8 40. Qf4 f6 1/2-1/2

[Event "44th Chess Olympiad Open 2022"]
[Site "Chennai"]
[Date "2022.07.30"]
[Round "2.67"]
[White "Depaune, Ricko"]
[Black "Chinchilla, Alejandro Jose"]
[Result "0-1"]
[WhiteElo "1726"]
[BlackElo "2166"]
[Annotator "ChessBase"]
[PlyCount "72"]
[EventDate "2022.??.??"]
[TimeControl "60"]

1. e4 c5 2. d4 cxd4 3. Nf3 Nf6 4. e5 Nd5 5. Qxd4 e6 6. Qd1 Nc6 7. Bc4 Nde7 8. Nc3 Ng6 9. Qe2 a6 10. a3 Qc7 11. O-O Ncxe5 12. Nxe5 Qxe5 13. f4 Qxe2 14. Bxe2 Bc5+ 15. Kh1 f5 16. Bh5 b5 17. b4 Bd4 18.
Bb2 Bb7 19. Rad1 Bf6 20. h3 Ke7 21. Bf3 Bxf3 22. Rxf3 Rhc8 23. g3 Ra7 24. Re3 Kf7 25. Rd6 Nf8 26. Nd1 Rxc2 27. Bxf6 gxf6 28. Red3 a5 29. Rb6 axb4 30. axb4 Ra1 31. Rbd6 Rb1 32. R6d4 d5 33. g4 Kg6 34. Rg3 Rc4 35. gxf5+ Kxf5 36. Rd2 Rxf4 0-1

[Event "44th Chess Olympiad Open 2022"]
[Site "Chennai"]
[Date "2022.07.30"]
[Round "2.68"]
[White "Willem Blijstra"]
[Black "Ebosse Kingue Victor Patrick"]
[Result "0-1"]
[WhiteElo "2198"]
[BlackElo "2054"]
[Annotator "ChessBase"]
[PlyCount "82"]
[EventDate "2022.??.??"]
[TimeControl "60"]

1. d4 Nf6 2. c4 g6 3. Nc3 Bg7 4. e4 d6 5. Be2 O-O 6. Bg5 h6 7. Be3 e5 8. d5 c6 9. g4 cxd5 10. cxd5 b5 11. a3 Na6 12. b4 Nc7 13. f3 Bd7 14. Qd2 Kh7 15.
h4 Ng8 16. Bd3 a5 17. Rc1 axb4 18. axb4 Qb8 19. Nge2 Bf6 20. g5 Bd8 21. h5 Na6 22. hxg6+ fxg6 23. f4 Nxb4 24. Bb1 Na6 25. Ng3 Kg7 26. gxh6+ Kh7 27. f5 Be8 28. Qf2 Nf6 29. Qf3 Nc5 30. Kf2 Ra3 31. fxg6+ Bxg6 32. Nf5 Rxc3 33. Rxc3 Nfxe4+ 34. Bxe4 Nxe4+ 35.
Qxe4 Rxf5+ 36. Qf3 Rxf3+ 37. Kxf3 Qb7 38. Rc6 Qf7+ 39. Ke2 Qxd5 40. Rhc1 Bd3+ 41. Ke1 Bc4 0-1

[Event "44th Chess Olympiad Open 2022"]
[Site "Chennai"]
[Date "2022.07.30"]
[Round "2.68"]
[White "Rurik Capella"]
[Black "Zebaze Dongmo Loic Dylane"]
[Result "1-0"]
[WhiteElo "1952"]
[BlackElo "1837"]
[Annotator "NA RC"]
[PlyCount "61"]
[EventDate "2022.??.??"]
[TimeControl "60"]

1. e4 e6 2. d4 d5 3. e5 c5 4. c3 Nc6 5. Nf3 Nge7 6. Bd3 Ng6 7. h4 cxd4 8.
cxd4 Bb4+ 9. Nc3 Bd7 10. h5 Nge7 11. a3 Bxc3+ 12. bxc3 Na5 13. Ng5 h6 14. Nh3 Rc8 15. Bd2 Nc4 16. O-O Nb2 17. Qc2 Nxd3 18.
Qxd3 a6 19. Qf3 Nc6 20. Qg4 Kf8 21. Rfe1 Qb6 22. Rab1 Qc7 23. Re3 Ne7 24. Rf3 Bb5 25. Qxe6 Ng8 26. Rxf7+ Qxf7 27. Qxc8+ Be8 28. Rxb7 Ne7 29. Qc5 Rg8 30. Nf4 g5 31. hxg6 1-0

[Event "44th Chess Olympiad Open 2022"]
[Site "Chennai"]
[Date "2022.07.30"]
[Round "2.68"]
[White "Amba Oyon Marius Claude"]
[Black "Ursus van Bemmelen"]
[Result "1/2-1/2"]
[WhiteElo "1938"]
[BlackElo "2145"]
[Annotator "NA RC"]
[PlyCount "116"]
[EventDate "2022.??.??"]
[TimeControl "60"]

1. e4 c5 2. Nf3 e6 3. d4 cxd4 4. Nxd4 Nc6 5. Nb5 d6 6. Bf4 e5 7. Be3 Nf6 8. N5c3 Be6 9. Be2 Be7 10. O-O O-O 11. f3 d5 12. exd5 Nxd5 13.
Nxd5 Bxd5 14. Nc3 Be6 15. Ne4 Nd4 16. Bxd4 exd4 17. Bd3 f5 18. Nd2 Rc8 19. Kh1 g6 20. Qe2 Bf7 21. f4 Bf6 22. Nf3 Re8 23.
Qf2 Re3 24. Ne5 Bxe5 25. fxe5 Qe7 26. Qf4 Qxe5 27. Qxe5 Rxe5 28. Rf4 Rd8 29. Kg1 Be6 30. h4 Kg7 31. Rd1 h6 32. Rf2 g5 33. Rdf1 f4 34. g3 Bh3 35. gxf4 gxf4 36. Rc1 Rf8 37. Kh2 Re3 38. Rg1+ Rg3 39. Rxg3+ fxg3+ 40. Kxg3 Rxf2 41. Kxf2 Kf6 42. Kg3 Be6 43. Kf4 Bd5 44. a3 b6 45. b4 Bc6 46. Be4 Bd7 47. Bf3 Bf5 48.
Be4 Bd7 49. Bd5 Bf5 50. Bb3 Bg6 51. a4 a5 52. bxa5 bxa5 53.
Kg3 Bf5 54. Kf4 Bg6 55. Kg3 Bf5 56. Kf4 Bg6 57. Kg3 Bf5 58.
Kf4 Bg6 1/2-1/2

[Event "44th Chess Olympiad Open 2022"]
[Site "Chennai"]
[Date "2022.07.30"]
[Round "2.69"]
[White "Mizzi, Jack"]
[Black "da Conceicao, Marcos"]
[Result "1-0"]
[WhiteElo "1913"]
[BlackElo "1713"]
[Annotator "NA RC"]
[PlyCount "61"]
[EventDate "2022.??.??"]
[TimeControl "60"]

1. d4 d5 2. c4 c6 3. Nf3 Nf6 4. Nbd2 Bg4 5. Ne5 e6 6. Nxg4 Nxg4 7. e4 Nf6 8. e5 Nfd7 9. cxd5 cxd5 10. Bd3 Nc6 11. Nf3 Bb4+ 12. Bd2 Be7 13. O-O O-O 14. Rc1 Rc8 15. Bc3 f6 16. exf6 Bxf6 17. Re1 Qe8 18. Qe2 Nd8 19. Bf5 Rc6 20. Bh3 Qf7 21. Ba5 Rxc1 22. Rxc1 b6 23. Rc8 Re8 24. Bc3 Nf8 25. Qb5 Ng6 26. Bd2 h6 27. Bg4 Rf8 28. Bh5 Kh7 29. Qd3 Be7 30. Rc7 Re8 31. Ne5 1-0

[Event "44th Chess Olympiad Open 2022"]
[Site "Chennai"]
[Date "2022.07.30"]
[Round "2.69"]
[White "Cilia Vincenti, David"]
[Black "Guterres, Cosme"]
[Result "1-0"]
[WhiteElo "1904"]
[BlackElo "1692"]
[Annotator "NA RC"]
[PlyCount "75"]
[EventDate "2022.??.??"]
[TimeControl "60"]

1. d4 Nf6 2. Nf3 d5 3. e3 c6 4. Bd3 Bg4 5. Nbd2 Nbd7 6. h3 Bh5 7. O-O e6 8. c4 Be7 9. b3 a6 10. Bb2 Rc8 11. Qc2 b5 12. Ne5 Nxe5 13.
dxe5 Nd7 14. g4 Bg6 15. Bxg6 hxg6 16. Kg2 Qc7 17. f4 Qb6 18. Rae1 Qb7 19. f5 gxf5 20. gxf5 Nf8 21. fxe6 fxe6 22. Rf3 Kd7 23. Rf7 Re8 24. cxd5 cxd5 25. Rc1 Rd8 26. Ba3 Ke8 27. Rxe7+ Qxe7 28. Bxe7 Kxe7 29. Qc5+ Kf7 30. Rf1+ Kg8 31.
Qe7 Ra8 32. Rf7 Rh7 33. Nf3 Rc8 34. Ng5 Rh6 35. Rxg7+ Kh8 36. Rf7 Kg8 37. Rf6 Rh4 38. Nxe6 1-0

[Event "44th Chess Olympiad Open 2022"]
[Site "Chennai"]
[Date "2022.07.30"]
[Round "2.69"]
[White "de Araujo, Helder"]
[Black "Vella, Duncan"]
[Result "1-0"]
[WhiteElo "1742"]
[BlackElo "1985"]
[Annotator "NA"]
[PlyCount "71"]
[EventDate "2022.??.??"]
[TimeControl "60"]

1. d4 Nf6 2. c4 c5 3. Nf3 cxd4 4. Nxd4 Nc6 5. Nc3 g6 6. g3 Bg7 7. Nxc6 bxc6 8. Bg2 O-O 9. O-O Rb8 10. Qc2 Qc7 11. b3 d5 12. Bb2 Bf5 13.
Qc1 dxc4 14. bxc4 Rb4 15. Nd1 Rfb8 16. Bc3 Rxc4 17. Ne3 Rc5 18. Nxf5 Rxf5 19. Bd4 Rd8 20. e3 e5 21. e4 Rh5 22. Be3 Ng4 23. h3 Nxe3 24. Qxe3 f5 25. g4 fxg4 26. hxg4 Rh4 27. Qg5 Rh6 28. Rad1 Re8 29. Rd3 Qe7 30. Qxe7 Rxe7 31. Rfd1 g5 32. Rd7 Kf8 33. Bf1 c5 34. Bc4 Rc6 35. Rd8+ Re8 36. Rxe8+ 1-0

[Event "44th Chess Olympiad Open 2022"]
[Site "Chennai"]
[Date "2022.07.30"]
[Round "2.69"]
[White "dos Reis, Tito"]
[Black "Darmanin, Jake"]
[Result "0-1"]
[WhiteElo "1658"]
[BlackElo "2101"]
[Annotator "RC"]
[PlyCount "131"]
[EventDate "2022.??.??"]
[TimeControl "60"]

1. f4 d5 2. Nf3 c5 3. e3 Nf6 4. c3 Nc6 5. d4 g6 6. Bd3 Bg7 7. Nbd2 Qb6 8. Qe2 O-O 9. O-O Qc7 10. a3 c4 11. Bc2 b5 12. Ne5 a5 13. e4 Bb7 14. Nxc6 Qxc6 15. e5 Nd7 16. f5 b4 17. fxg6 fxg6 18. Nf3 b3 19. Bb1 Rae8 20. Bd2 Bc8 21. Qe1 Nb6 22. Qh4 Na4 23. Bc1 Qb6 24. Rf2 Bf5 25. Bh6 e6 26. Bxg7 Kxg7 27. Bxf5 Rxf5 28. g4 Rff8 29. Raf1 h6 30. Ne1 Qd8 31. Rf6 Nxb2 32. R1f3 Na4 33. Rh3 Rh8 34. Rhf3 Ref8 35. Qf2 Rxf6 36. Rxf6 Qe8 37. Nf3 b2 38. Qc2 Rf8 39. g5 hxg5 40. Nd2 Rxf6 41. exf6+ Kxf6 42. Nb1 Kg7 43. Kg2 Qc6 44. Qe2 Kh6 45. Qe5 Kh7 46. Qxg5 Qe8 47. Qf6 Kg8 48. Qe5 Qf7 49. Qb8+ Kh7 50. Qb5 Qf5 51. Qb7+ Kh6 52. Qb8 Qe4+ 53. Kg3 Qd3+ 54. Kg4 Qe2+ 55. Kg3 Qe1+ 56. Kg2 Qe2+ 57. Kg3 Qd3+ 58. Kg2 Qxb1 59. Qf4+ g5 60. Qf6+ Qg6 61. Qh8+ Qh7 62. Qf8+ Qg7 63. Qb8 Nxc3 64. Qxb2 Qxd4 65. Qf2 Qxf2+ 66. Kxf2 0-1

[Event "44th Chess Olympiad Open 2022"]
[Site "Chennai"]
[Date "2022.07.30"]
[Round "2.70"]
[White "Nyambalo, Joseph Xavier"]
[Black "Masiala Mayuku, Eddy"]
[Result "1-0"]
[WhiteElo "1981"]
[BlackElo "1574"]
[Annotator "NA RC"]
[PlyCount "145"]
[EventDate "2022.??.??"]
[TimeControl "60"]

1. c4 e5 2. Nc3 Nc6 3. g3 b6 4. Bg2 Bb7 5. Nf3 d6 6. O-O g6 7. d4 Bg7 8. dxe5 Nxe5 9. Nxe5 Bxg2 10. Nxf7 Kxf7 11. Kxg2 Nf6 12. Nd5 Re8 13. Bg5 h6 14. Nxf6 Bxf6 15. Bxh6 Kg8 16. Qc2 Kf7 17. Be3 Qe7 18. Rad1 Rh8 19. h3 Rh7 20. Rh1 Rah8 21. Rh2 Qe6 22. Rdh1 Rh5 23. b3 Re5 24. Qd3 Rd8 25. h4 Rh5 26. Bg5 d5 27. Bxf6 Qxf6 28.
Rd1 c6 29. e4 d4 30. Qf3 c5 31. Qxf6+ Kxf6 32. f4 Rh7 33. Kf3 d3 34. Rhd2 Re7 35. Rxd3 Rde8 36. Rd6+ Kf7 37. Rd7 a6 38. e5 b5 39. cxb5 axb5 40. Rxe7+ Rxe7 41. Rc1 Rc7 42. Ke4 Ke6 43. g4 Rc6 44. f5+ Kf7 45. e6+ Kf6 46. g5+ Ke7 47. fxg6 Rxe6+ 48. Kf5 Re2 49. Rxc5 Rf2+ 50. Kg4 Rg2+ 51. Kh5 Rxa2 52. Rxb5 Rh2 53. Rf5 Rd2 54. g7 Rd8 55. Rf8 Rxf8 56. gxf8=R Kxf8 57. Kg6 Kg8 58. b4 Kh8 59. b5 Kg8 60. b6 Kf8 61. b7 Ke7 62. b8=Q Ke6 63. Qe8+ Kd5 64. Kf5 Kd4 65. Qe4+ Kc3 66. Qd5 Kb4 67. Qc6 Kb3 68. Ke4 Kb4 69. Kd4 Kb3 70. Qc3+ Ka2 71. Qb4 Ka1 72. Kc3 Ka2 73. Qb2# 1-0

[Event "44th Chess Olympiad Open 2022"]
[Site "Chennai"]
[Date "2022.07.30"]
[Round "2.70"]
[White "Esungi, Guy Botetsi"]
[Black "Chiwambo Stansford"]
[Result "0-1"]
[WhiteElo "1481"]
[BlackElo "1913"]
[Annotator "NA RC"]
[PlyCount "58"]
[EventDate "2022.??.??"]
[TimeControl "60"]

1. e4 c5 2. Nc3 Nc6 3. Nf3 d6 4. Be2 g6 5. d3 Bg7 6. Bd2 e6 7. O-O Nge7 8. Qc1 h6 9. Nd1 d5 10. Bc3 d4 11. Bd2 g5 12. Bxg5 hxg5 13.
Qxg5 Ng6 14. Qxc5 e5 15. b3 Be6 16. Nb2 Qc7 17. Nc4 O-O-O 18. Ng5 Nf4 19. Bf3 Kb8 20. Nxe6 Nxe6 21. Qb5 Rdg8 22. a4 Ng5 23. Be2 Bf6 24. Kh1 Rh6 25. g3 Rgh8 26. h4 Qd7 27. Nd6 Rxh4+ 28. gxh4 Qh3+ 29. Kg1 Nf3+ 0-1

[Event "44th Chess Olympiad Open 2022"]
[Site "Chennai"]
[Date "2022.07.30"]
[Round "2.71"]
[White "Ahmad, Md Siraj Munir"]
[Black "Jean Louis, Marckens"]
[Result "0-1"]
[WhiteElo "2035"]
[BlackElo "2050"]
[Annotator "NA RC"]
[PlyCount "116"]
[EventDate "2022.??.??"]
[TimeControl "60"]

1. e4 c6 2. d4 d5 3. Nc3 dxe4 4. Nxe4 Nf6 5. Nxf6+ exf6 6. c3 Bd6 7. Bd3 Be6 8. Qc2 Qe7 9. Ne2 h5 10. Be3 Nd7 11. O-O-O b5 12. Kb1 Nb6 13. Nf4 Bxf4 14. Bxf4 Qd7 15. Rhe1 Kf8 16. h4 g6 17. Re2 Kg7 18. Rde1 Rhe8 19. Bc1 Bc4 20. Bxc4 Nxc4 21. b3 Nd6 22. Ba3 Nf5 23. g3 Re6 24. Qd3 Rae8 25. Bc5 a5 26. Kc2 Qd5 27. Rxe6 Rxe6 28. Rxe6 fxe6 29. Qe2 Kf7 30. Kd3 Qh1 31. Kc2 Qa1 32. Kd3 Qb1+ 33.
Qc2 Qf1+ 34. Qe2 Qh1 35. Kc2 Qa1 36. Kd3 Nh6 37. c4 Nf5 38.
cxb5 cxb5 39. Bb6 Qb1+ 40. Qc2 Qf1+ 41. Qe2 Qxe2+ 42. Kxe2 a4 43. bxa4 bxa4 44. Kd3 Ke7 45. Bc5+ Kd7 46. Kc4 g5 47. hxg5 fxg5 48. Ba7 Kc6 49. Kd3 Kd5 50. Bb8 Nxd4 51. f4 g4 52. Be5 Nf5 53. Ke2 Nxg3+ 54. Kf2 Nf5 55. a3 Ke4 56. Bc7 h4 57. Kg1 Kf3 58. Be5 Kg3 0-1

[Event "44th Chess Olympiad Open 2022"]
[Site "Chennai"]
[Date "2022.07.30"]
[Round "2.71"]
[White "Gabriel, Davidson"]
[Black "Yussof, Pg Abd Rahman"]
[Result "1-0"]
[WhiteElo "1915"]
[BlackElo "1804"]
[Annotator "NA"]
[PlyCount "129"]
[EventDate "2022.??.??"]
[TimeControl "60"]

1. d4 d5 2. c4 c6 3. Nc3 Nf6 4. Nf3 e6 5. e3 Nbd7 6. Qc2 Bb4 7. Bd3 dxc4 8.
Bxc4 Nd5 9. O-O O-O 10. e4 N5b6 11. Bd3 f6 12. Qb3 Qe7 13.
a3 Bd6 14. a4 a5 15. Re1 Bc7 16. Be3 Kh8 17. Rac1 Qb4 18. Qa2 Qe7 19. Bb1 Qf7 20. Red1 Qh5 21. h3 Bb8 22. Qb3 Ba7 23. Ne2 Re8 24. Nf4 Qf7 25. Ba2 Nf8 26. d5 e5 27. Bxb6 Bxb6 28. Qxb6 exf4 29. Nd2 Qg6 30. Rc3 cxd5 31. Bxd5 Nd7 32. Qc7 Ne5 33. Kh2 Qh5 34. f3 Qh4 35. Nf1 g5 36. Qb6 g4 37. fxg4 Bxg4 38. Rd2 f3 39. Qf2 Qh6 40. Qg3 fxg2 41. Rxg2 Be6 42. Bxe6 Rxe6 43. Rc7 Ng6 44. Rxb7 Rxe4 45. Rb8+ Re8 46. Rxa8 Rxa8 47. Rf2 Rf8 48. Ne3 Qh4 49. Qxh4 Nxh4 50. Nc4 Kg7 51. Nxa5 Ra8 52. b4 Ng6 53. Ra2 Ne5 54. Kg3 h5 55. Ra3 Kg6 56. Kf4 Rd8 57. Ke4 Kf7 58. b5 Ke6 59. Rc3 f5+ 60.
Ke3 f4+ 61. Kxf4 Rd4+ 62. Kg5 Rxa4 63. Nc6 Ra8 64. Re3 Rh8 65. Rxe5+ 1-0

[Event "44th Chess Olympiad Open 2022"]
[Site "Chennai"]
[Date "2022.07.30"]
[Round "2.71"]
[White "Sharikhan, Shawal"]
[Black "Germinal, Kemly"]
[Result "0-1"]
[WhiteElo "1789"]
[BlackElo "1997"]
[Annotator "NA RC"]
[PlyCount "96"]
[EventDate "2022.??.??"]
[TimeControl "60"]

1. Nf3 Nc6 2. c4 e5 3. Nc3 Nf6 4. e4 Bb4 5. Qc2 d6 6. a3 Bxc3 7. bxc3 Bg4 8. Be2 O-O 9. d3 Ne8 10. h3 Bd7 11. Bg5 f6 12. Bh4 Kh8 13.
g4 Ne7 14. Bg3 c6 15. Nh4 d5 16. cxd5 cxd5 17. O-O Rc8 18. Qd2 Qa5 19. Qb2 Nd6 20. Qb4 Qc7 21. Rac1 a5 22. Qb2 dxe4 23. d4 Nf7 24. Rfd1 Ng5 25. Kh2 Ba4 26. Re1 e3 27. f3 Nd5 28. Ng2 Nf4 29. h4 Nxg2 30.
Kxg2 Ne6 31. Bf1 Nf4+ 32. Kh2 Bc6 33. Rxe3 Rce8 34. Bxf4 exf4 35. Rxe8 Rxe8 36. Kg2 Re3 37. Be2 Qe7 38. Kf2 f5 39. g5 h6 40. Rg1 h5 41. Rd1 Bd5 42. Rd2 Qe8 43. c4 Rxf3+ 44. Bxf3 Qe3+ 45. Kf1 Qxf3+ 46. Ke1 Qh1+ 47. Kf2 Qg2+ 48. Ke1 Qg1+ 0-1

[Event "44th Chess Olympiad Open 2022"]
[Site "Chennai"]
[Date "2022.07.30"]
[Round "2.72"]
[White "Giasi, Viresh"]
[Black "Mbongeni, Mabuza"]
[Result "1-0"]
[WhiteElo "2006"]
[BlackElo "1669"]
[Annotator "NA"]
[PlyCount "85"]
[EventDate "2022.??.??"]
[TimeControl "60"]

1. e4 e5 2. Nf3 Nf6 3. d3 Nc6 4. c3 Be7 5. Be2 O-O 6. O-O d5 7. Qc2 Bg4 8. Bg5 dxe4 9. dxe4 Nd7 10. Bxe7 Qxe7 11. Nbd2 Rad8 12. Nc4 Nb6 13. Ne3 Be6 14. b4 f6 15. a4 a5 16. b5 Nb8 17. c4 Nc8 18. c5 b6 19. c6 Nd6 20. Nd2 f5 21. exf5 Nxf5 22. Nxf5 Bxf5 23. Qb3+ Kh8 24. Nc4 Rf6 25. Rad1 Rdf8 26. Ne3 Be4 27. f3 Bg6 28. Nd5 Qc5+ 29. Qe3 Qxe3+ 30. Nxe3 Nxc6 31. bxc6 Rxc6 32. Rd5 Re6 33.
Rd7 Be8 34. Rd8 Ref6 35. Ra1 Bc6 36. Rxf8+ Rxf8 37. Bb5 Bb7 38. Rc1 c6 39. Bd3 Rd8 40. Be4 g6 41. Nc4 b5 42. Nxa5 Rb8 43.
Nxb7 1-0

[Event "44th Chess Olympiad Open 2022"]
[Site "Chennai"]
[Date "2022.07.30"]
[Round "2.72"]
[White "Kalidjo, Imaan"]
[Black "Sihlongonyane, Sikhanyiso"]
[Result "1-0"]
[WhiteElo "1819"]
[BlackElo "1658"]
[Annotator "NA"]
[PlyCount "57"]
[EventDate "2022.??.??"]
[TimeControl "60"]

1. d4 Nf6 2. e3 d5 3. Bd3 g6 4. Nd2 Bg7 5. f4 Bg4 6. Ngf3 Nbd7 7. h3 Bxf3 8.
Qxf3 e6 9. O-O O-O 10. c3 c5 11. a4 a6 12. g4 c4 13. Bc2 b5 14. axb5 axb5 15.
Rxa8 Qxa8 16. e4 dxe4 17. Nxe4 Nxe4 18. Bxe4 Qa5 19. f5 exf5 20. gxf5 Nf6 21. Bg5 Nxe4 22. Qxe4 f6 23. Bf4 g5 24. Bd6 Rf7 25. h4 gxh4 26. Qe8+ Bf8 27. Kh1 Kh8 28. Qxf7 Qa8+ 29. d5 1-0

[Event "44th Chess Olympiad Open 2022"]
[Site "Chennai"]
[Date "2022.07.30"]
[Round "2.72"]
[White "Hlophe, Smilo"]
[Black "Sanches, Casanova Romario"]
[Result "0-1"]
[WhiteElo "1731"]
[BlackElo "2066"]
[Annotator "NA RC"]
[PlyCount "48"]
[EventDate "2022.??.??"]
[TimeControl "60"]

1. d4 Nf6 2. c4 g6 3. Nc3 Bg7 4. e4 d6 5. Bd3 O-O 6. Nge2 Nc6 7. f3 a6 8. O-O e5 9. Be3 Nh5 10. Bb1 Rb8 11. d5 Ne7 12. b4 f5 13. Bd3 f4 14. Bf2 g5 15.
Qc2 Ng6 16. c5 g4 17. fxg4 Bxg4 18. Rab1 f3 19. gxf3 Bxf3 20.
Ng3 Nhf4 21. Rfe1 Nh3+ 22. Kf1 Bg2+ 23. Kxg2 Rxf2+ 24. Kxh3 Nf4+ 0-1

[Event "44th Chess Olympiad Open 2022"]
[Site "Chennai"]
[Date "2022.07.30"]
[Round "2.73"]
[White "Al-Sulaiti, Ghanem"]
[Black "McCoy, Tom"]
[Result "1-0"]
[WhiteElo "2183"]
[BlackElo "1812"]
[Annotator "ChessBase"]
[PlyCount "57"]
[EventDate "2022.??.??"]
[TimeControl "60"]

1. e4 d5 2. exd5 Qxd5 3. Nc3 Qa5 4. Bc4 Nf6 5. d3 c6 6. Bd2 Qc7 7. Qe2 b5 8. Bb3 Bb7 9. Nf3 Nbd7 10. d4 b4 11. Ng5 e6 12. Nxf7 bxc3 13.
Qxe6+ Be7 14. bxc3 Rf8 15. O-O Nd5 16. Ng5 Qd6 17. Rfe1 Qxe6 18. Nxe6 Rf7 19. c4 N5f6 20. Nc7+ Kd8 21. Nxa8 Bxa8 22. c5 Nd5 23. Rab1 N7f6 24. Bxd5 Nxd5 25. Rb8+ Kc7 26. Rxa8 Kb7 27. Rh8 g6 28. Rb1+ Kc7 29. Ra8 1-0

[Event "44th Chess Olympiad Open 2022"]
[Site "Chennai"]
[Date "2022.07.30"]
[Round "2.73"]
[White "Fancy, Stuart"]
[Black "Aziz, Husain"]
[Result "0-1"]
[WhiteElo "1984"]
[BlackElo "2380"]
[Annotator "TA"]
[PlyCount "58"]
[EventDate "2022.??.??"]
[TimeControl "60"]

1.
Nc3 d5 2. d4 Nf6 3. Bg5 c5 4.
e3 Nc6 5. dxc5 e6 6. Nf3 {[%emt 0:00:39][%cal Ye3e4] D01: Veresov Opening.} Bxc5 7. Bd3 h6 8. Bh4 {[%emt 0:00:
00] The position is equal.} Be7 9. O-O O-O 10. Re1 {[%emt 0:03:23] [#]} a6 $146 ({
Predecessor:} 10... e5 11. Bxf6 Bxf6 12. Nxd5 Be6 13. c4 Be7 14. a3 a5 15. Qb3
a4 16. Qxb7 Bxd5 17. cxd5 {1-0 (40) Sevian,S (2660)-Horvath,D (2449) Chess.com
INT 2020}) 11. a4 Bd7 12. Bg3 Bb4 (12... Nh5 {is interesting.} 13. Be5 Be8 14. Bd4 Bb4)
13. Re2 Rc8 14. Na2 Be7 15. c3 Nh5 16. Bc2 Nxg3 17. hxg3 Qc7 18. Nc1 Rfd8 19. Nd3 e5 20. Nde1 (20. e4 $17 dxe4
21. Rxe4) 20... Bg4 $19 21. Rd2 e4 22. Rxd5 exf3 23. Qd3 {[%emt 0:00:09]
[#] Threatening mate with Qh7+.} g6 24. gxf3 Be6 25. Rxd8+ Rxd8 26. Qf1 (26. Qe2 $142) 26... Rd2 27. Rd1 Qd7 {[%emt 0:00:28] Black is clearly winning.} 28. Rxd2 Qxd2 29. Kg2 Ne5 {[%emt 0:00:00] Weighted
Error Value: White=0.26 (precise) /Black=0.06 (flawless)} 0-1

[Event "44th Chess Olympiad Open 2022"]
[Site "Chennai"]
[Date "2022.07.30"]
[Round "2.73"]
[White "Jones, Rupert"]
[Black "Yousuf M M Al Mutawa"]
[Result "0-1"]
[WhiteElo "1766"]
[BlackElo "2120"]
[Annotator "NA"]
[PlyCount "80"]
[EventDate "2022.??.??"]
[TimeControl "60"]

1. e4 c6 2. Nf3 d5 3. exd5 cxd5 4. Ne5 a6 5. d4 Nc6 6. Be2 Bf5 7. c3 e6 8. Bf4 Nxe5 9. Bxe5 Ne7 10. Nd2 Nc6 11. Bg3 Bd6 12. f4 Qc7 13.
O-O O-O 14. Nb3 Na5 15. Nxa5 Qxa5 16. Bd3 Rfe8 17. Qc2 g6 18. Qe2 b5 19. a3 Qb6 20. Kh1 Bxd3 21. Qxd3 a5 22. Be1 b4 23. Bd2 bxa3 24. bxa3 a4 25. c4 dxc4 26. Qxc4 Rec8 27. Qd3 Qc6 28. Rac1 Qd5 29. Bb4 Rxc1 30. Rxc1 Bxf4 31. Rc5 Qb3 32. Qf1 Bd6 33. Rc3 Qd5 34. Bc5 Rc8 35. Rf3 Bxc5 36. dxc5 f5 37. Rf4 Rxc5 38. Rxa4 Qd2 39. Ra8+ Kg7 40. Ra7+ Kh6 0-1

[Event "44th Chess Olympiad Open 2022"]
[Site "Chennai"]
[Date "2022.07.30"]
[Round "2.74"]
[White "Beukes, Dante M"]
[Black "Koumba, Mounguen Jose Evrar"]
[Result "1-0"]
[WhiteElo "2234"]
[BlackElo "1942"]
[Annotator "RC"]
[PlyCount "71"]
[EventDate "2022.??.??"]
[TimeControl "60"]

1. e4 c5 2. Nf3 d6 3. d4 cxd4 4. Nxd4 Nf6 5. Nc3 g6 6. Be3 Bg7 7. f3 Nc6 8. Qd2 O-O 9. O-O-O d5 10. exd5 Nxd5 11. Nxc6 bxc6 12. Bd4 Nxc3 13. Qxc3 Bxd4 14. Rxd4 Qb6 15. Bc4 Rb8 16. h4 c5 17. Re4 e6 18. h5 g5 19. h6 f6 20. Rhe1 Qc7 21. Bxe6+ Bxe6 22. Rxe6 Qf4+ 23. Kb1 Qh4 24. Qxc5 Qxh6 25. Qxa7 Qg6 26. Re7 Rbc8 27. Rc7 h5 28. Ree7 Rxc7 29. Qxc7 f5 30. Qc4+ Kh8 31. Qd4+ Kg8 32. Qd5+ Kh8 33. Re6 Rf6 34. Qd8+ Kg7 35. Re8 Qf7 36. Re7 1-0

[Event "44th Chess Olympiad Open 2022"]
[Site "Chennai"]
[Date "2022.07.30"]
[Round "2.74"]
[White "Bongo Akanga Ndjila, Barthelemy"]
[Black "Eichab, Charles"]
[Result "0-1"]
[WhiteElo "1803"]
[BlackElo "2048"]
[Annotator "NA"]
[PlyCount "98"]
[EventDate "2022.??.??"]
[TimeControl "60"]

1. d4 Nf6 2. c4 e6 3. Nc3 Bb4 4. f3 d5 5. a3 Be7 6. e4 dxc4 7. Bxc4 c5 8. d5 O-O 9. Nge2 exd5 10. exd5 Bf5 11. Ng3 Bg6 12. Nge4 Nxe4 13. fxe4 Bf6 14. O-O Bd4+ 15. Kh1 Bxc3 16. bxc3 Bxe4 17. Ra2 b5 18. Re2 Bg6 19. Bxb5 Bh5 20. Qd2 Bxe2 21. Bxe2 Nd7 22. c4 Rb8 23. Bb2 Qb6 24. Ba1 Qd6 25. Qg5 f6 26. Qf5 Ne5 27. Qf4 Rb6 28. g4 h6 29. h4 Ng6 30.
Qf2 Rb3 31. Kg2 Re8 32. g5 Rxe2 33. Qxe2 Qg3+ 34. Kh1 Qxh4+ 35. Kg1 Rg3+ 36. Kf2 Rxa3+ 37. Kg1 Rg3+ 38. Kf2 Rxg5+ 39. Ke3 Ne5 40. Rf4 Rg3+ 41. Ke4 f5+ 42. Kxf5 Qf6+ 43. Ke4 Qg6+ 44. Rf5 Rg4+ 45. Qxg4 Nxg4 46. Kf4 Ne3 47. Re5 Nxc4 48. Re6 Qg5+ 49. Ke4 Nd2+ 0-1